 Dungeon Crawl Stone Soup version 0.18-a0-19-g8b99b3a (webtiles) character file.

423 radek the Conjurer (level 6, 0/32 HPs)
             Began as a Deep Elf Conjurer on Nov 1, 2015.
             Succumbed to an adder's poison
             ... on level 6 of the Dungeon.
             The game lasted 00:14:57 (5587 turns).

radek the Conjurer (Deep Elf Conjurer)              Turns: 5587, Time: 00:14:57

Health: 0/32       AC:  7    Str:  6    XL:     6   Next: 63%
Magic:  1/12       EV: 13    Int: 21    God:
Gold:   180        SH:  0    Dex: 15    Spells: 2 memorised, 5 levels left

rFire  . . .     SeeInvis .     y - +2 quarterstaff (chaos)
rCold  . . .     Clarity  .     k - +0 robe
rNeg   . . .     SustAt   .     (shield currently unavailable)
rPois  .         Gourm    .     q - +0 helmet
rElec  .         Spirit   .     z - +0 cloak
rCorr  .         Warding  .     (no gloves)
rMut   .         Stasis   .     e - +2 pair of boots
MR     .....                    (no amulet)
Stlth  ++........               A - ring of flight
                                (no ring)

@: lethally poisoned (0 -> -5), not resistant to hostile enchantments,
unstealthy
A: no striking features
a: Evoke Flight


You were on level 6 of the Dungeon.
You were not hungry.

You visited 1 branch of the dungeon, and saw 6 of its levels.

You collected 180 gold pieces.

Inventory:

Hand Weapons
 l - a +0 short sword
 m - a +0 dagger
 o - a +0 dagger
 y - a +2 quarterstaff of chaos (weapon)
Armour
 a - a +0 robe
 e - a +2 pair of boots (worn)
 k - a +0 robe (worn)
 n - a +0 cloak
 q - a +0 helmet (worn)
 z - a +0 cloak (worn)
Jewellery
 p - a -6 ring of dexterity
 A - a ring of flight (right hand)
Wands
 h - a wand of hasting (6)
 w - a wand of flame (15)
Scrolls
 g - 3 scrolls of identify
 v - a scroll of enchant armour
Potions
 d - a potion of cancellation {unknown}
 f - 2 potions of lignification
 r - a potion of degeneration {unknown}
 t - a potion of magic {unknown}
 x - a potion of ambrosia {unknown}
 B - a potion of flight {unknown}
Books
 b - a book of Conjurations

   Spells                             Type                      Level
   a - Magic Dart                     Conjuration                  1
   b - Searing Ray                    Conjuration                  2
   c - Dazzling Spray                 Conjuration/Hexes            3
   d - Fulminant Prism                Conjuration/Hexes            4
   e - Iskenderun's Mystic Blast      Conjuration                  4
   f - Iskenderun's Battlesphere      Conjuration/Charms           5
Comestibles
 c - 2 bread rations
 i - 2 beef jerkies
 s - 5 fruits
 u - a chunk of flesh
 C - a meat ration


   Skills:
 - Level 2.4 Dodging
 - Level 2.4 Stealth
 - Level 3.0 Spellcasting
 - Level 7.1 Conjurations
 + Level 6.4 Charms


You had 5 spell levels left.
You knew the following spells:

 Your Spells              Type           Power        Failure   Level  Hunger
a - Magic Dart            Conj           ####         1%          1    None
b - Iskenderun's Battles  Conj/Chrm      ####....     24%         5    ######.


Dungeon Overview and Level Annotations

Branches:
Dungeon (6/15)
 Temple: D:4-7

Altars:
Cheibriados
Gozag
Qazlal
Sif Muna
Trog
The Shining One

Annotations:
D:5 Grinder


Message History

You hit the adder.
You heal the adder.
The adder is completely healed.
The adder bites you but does no damage.
Your magical contamination has completely faded away.
You sock the adder!
The adder is severely wounded.
The adder bites you but does no damage. The adder barely misses you.
You hit the adder but do no damage.
The adder glows pulsating mauve for a moment.
The adder is severely wounded.
The adder closely misses you. The adder bites you.
* * * LOW HITPOINT WARNING * * *
You are lethally poisoned!
The adder poisons you!
You closely miss the adder.
The adder is severely wounded.
* * * LOW HITPOINT WARNING * * *
You feel sick. The adder bites you but does no damage.
You barely miss the adder.
The adder is severely wounded.
You die...

## ..
####.#####
#.@S......
#.##.#####
#. # ..
.#. .###
.# .#


You could see an adder.

Vanquished Creatures
  A phantom (D:3)
  Crazy Yiuf (D:3)
  A hound (D:5)
  Jessica (D:2)
  An orc wizard (D:3)
  A worker ant (D:5)
  Robin (D:2)
  9 adders
  An ooze (D:3)
  2 worms
  3 giant geckos
  8 orcs
  4 giant cockroaches
  12 hobgoblins
  5 jackals
  4 quokkas
  5 bats
  A giant gecko skeleton (D:4)
  5 giant newts
  21 goblins
  7 kobolds
  2 quokka skeletons (D:4)
  A quokka zombie (D:5)
  7 rats
104 creatures vanquished.

Notes
Turn   | Place    | Note
--------------------------------------------------------------
     0 | D:1      | radek the Deep Elf Conjurer began the quest for the Orb.
     0 | D:1      | Reached XP level 1. HP: 10/10 MP: 6/6
   347 | D:1      | Reached XP level 2. HP: 15/15 MP: 5/8
   372 | D:1      | Reached skill level 5 in Conjurations
   625 | D:2      | Noticed Jessica
   632 | D:2      | Killed Jessica
   632 | D:2      | Reached XP level 3. HP: 19/19 MP: 1/9
   726 | D:2      | Found an opulent altar of Gozag.
   982 | D:2      | Found a glowing golden altar of the Shining One.
  1188 | D:2      | Reached skill level 6 in Conjurations
  1196 | D:2      | Reached XP level 4. HP: 24/24 MP: 6/10
  1413 | D:2      | Noticed Robin
  1418 | D:2      | Killed Robin
  1431 | D:2      | HP: 1/24 [goblin/club[Robin] (4)]
  2115 | D:2      | Found a bloodstained altar of Trog.
  2115 | D:2      | Found a deep blue altar of Sif Muna.
  2165 | D:2      | Found a stormy altar of Qazlal.
  2427 | D:3      | Reached skill level 7 in Conjurations
  2427 | D:3      | Reached XP level 5. HP: 24/28 MP: 1/11
  2428 | D:3      | Noticed a phantom
  2555 | D:2      | Learned a level 5 spell: Iskenderun's Battlesphere
  2914 | D:3      | Killed a phantom
  3377 | D:3      | Reached XP level 6. HP: 32/32 MP: 6/12
  4046 | D:3      | Noticed Crazy Yiuf
  4055 | D:3      | Killed Crazy Yiuf
  4055 | D:3      | Reached skill level 5 in Charms
  4522 | D:4      | Found a snail-covered altar of Cheibriados.
  5301 | D:5      | Entered Level 5 of the Dungeon
  5545 | D:5      | Noticed Grinder
  5556 | D:5      | Paralysed by Grinder for 3 turns
  5564 | D:5      | Paralysed by Grinder for 5 turns
  5586 | D:6      | HP: 1/32 [poisoned by an adder]
  5587 | D:6      | Succumbed to an adder's poison

Vault maps used:
D:1:      tarquinn_simple_flora_water_f
D:2:      nicolae_tso_carved_into_rock, gammafunk_temple_overflow_pools,
          lemuel_crystal_altar, grunt_gozag_statues, uniq_robin, uniq_jessica
D:3:      first_bread, serial_bayou_ford_a, uniq_crazy_yiuf_cottage
D:4:      nicolae_overflow_hidden_temple
D:5:      kennysheep_mini, kiku_gazebo_garden_becter, lemuel_round_altar,
          uniq_grinder, uniq_prince_ribbit1
D:6:      serial_shops, kennysheep_mini_moat, shop, shop, kennysheep_little_box

Action                   |  1- 3 |  4- 6 || total
-------------------------+-------+-------++-------
Melee: Dagger            |     4 |    17 ||    21
       Short sword       |       |     7 ||     7
       Quarterstaff      |       |    12 ||    12
 Cast: Magic Dart        |    53 |   241 ||   294
  Use: Scroll            |       |     5 ||     5
       Potion            |       |     2 ||     2
  Eat: Chunk             |     1 |     4 ||     5
       Meat ration       |       |     2 ||     2
